 Dungeon Crawl Stone Soup version 0.29.1-12-g30fa7ad0bf (webtiles) character file.

Game seed: 15827994116348733272

2033 Thatpatchoflichen the Shooter (level 8, 0/70 HPs)
             Began as a Demigod Hunter on Jan 18, 2023.
             Slain by Duvessa
             ... wielding a +0 short sword
              (9 damage)
             ... on level 6 of the Dungeon.
             The game lasted 00:39:19 (6318 turns).

Thatpatchoflichen the Shooter (Demigod Hunter)      Turns: 6318, Time: 00:39:20

Health: 0/70       AC: 15    Str: 16    XL:     8   Next: 74%
Magic:  10/10      EV: 15    Int: 11    God:
Gold:   226        SH:  0    Dex: 21    Spells: 7/7 levels left

rFire   . . .      SeeInvis .   a - +0 shortbow
rCold   . . .      Faith    .   (shield currently unavailable)
rNeg    . . .      Spirit   .   A - +0 plate armour
rPois   .          Reflect  .   n - +2 hat
rElec   .          Harm     .   r - +0 cloak
rCorr   .          Rampage  .   (no gloves)
Will    .....                   (no boots)
Stlth   ..........              e - amulet of regeneration
HPRegen 1.01/turn               g - +4 ring of evasion
MPRegen 0.12/turn               q - +4 ring of evasion

@: no status effects
A: high MP 1, forlorn, divine attributes
a: no special abilities


You were on level 6 of the Dungeon.
You visited 2 branches of the dungeon, and saw 8 of its levels.

You collected 314 gold pieces.
You spent 88 gold pieces at shops.

Inventory:

Hand Weapons
 a - a +0 shortbow (weapon)
 u - the +9 dagger of Abomination {vorpal, rElec Dex+6 SInv}
   (You found it on level 3 of the Dungeon)

   It inflicts extra damage upon your enemies.
   Dex:       It affects your dexterity (+6).
   rElec:     It insulates you from electricity.
   SInv:      It lets you see invisible.
Missiles
 i - 12 poisoned darts
 y - 3 silver boomerangs
 B - 2 throwing nets
Armour
 n - a +2 hat (worn)
 r - a +0 cloak (worn)
 v - a +0 tower shield
 A - a +0 plate armour (worn)
 D - a +0 chain mail
Jewellery
 e - an amulet of regeneration (around neck)
 g - a +4 ring of evasion (left hand)
 q - a +4 ring of evasion (right hand)
Wands
 w - a wand of flame (15)
 C - a wand of charming (9)
Scrolls
 b - 3 scrolls of immolation
 f - a scroll of teleportation {unknown}
 k - 2 scrolls of enchant armour
 m - a scroll of silence {unknown}
 p - a scroll of magic mapping
 s - a scroll of brand weapon {unknown}
 t - a scroll of fear {unknown}
 x - a scroll of blinking {unknown}
 z - 2 scrolls of identify
Potions
 c - 6 potions of curing
 j - a potion of haste
 o - a potion of resistance {unknown}


   Skills:
 + Level 5.9 Fighting
 + Level 7.0 Ranged Weapons
 - Level 5.0 Armour
 - Level 5.0 Dodging
 - Level 1.0 Stealth


You had 7 spell levels left.
You didn't know any spells.
Your spell library contained the following spells:

 Spells                   Type           Power      Damage    Failure   Level
 Freeze                   Ice            0%         1d3       100%        1
 Necrotise                Necr           0%         1d4       100%        1
 Sandblast                Erth           0%         2d4       100%        1
 Passwall                 Tmut/Erth      0%         N/A       100%        2
 Dazzling Flash           Conj/Hex       0%         N/A       100%        3
 Frozen Ramparts          Ice            0%         1d1       100%        3
 Stone Arrow              Conj/Erth      0%         3d7       100%        3
 Vampiric Draining        Necr           0%         2d6       100%        3
 Hailstorm                Conj/Ice       0%         3d3       100%        4
 Iskenderun's Mystic Bla  Conj/Tloc      0%         2d3       100%        4
 Agony                    Necr           0%         N/A       100%        5
 Summon Forest            Summ/Tloc      0%         N/A       100%        5
 Summon Mana Viper        Hex/Summ       0%         N/A       100%        5
 Starburst                Conj/Fire      0%         6d3       100%        6
 Summon Cactus Giant      Summ           0%         N/A       100%        6


Dungeon Overview and Level Annotations

Branches:
Dungeon (7/15)             Temple (1/1) D:5

Shops:
D:2 [   D:4 !   D:5 *

Annotations:
D:6 Duvessa
D:7 Pikel


Innate Abilities, Weirdness & Mutations

You have an increased reservoir of magic. (+10% MP)
You shall have no god before yourself.
Your divine heritage dramatically boosts your attributes as you level up.


Message History

You shoot an arrow. The arrow barely misses Duvessa.
Duvessa hits you with a +0 short sword. Duvessa barely misses you.
Duvessa closely misses you.
Fire: a) +0 shortbow
Press: ? - help, Q - select action, (/) - cycle Shift-Dir - straight line, f/p - Duvessa
Aim: Duvessa, wielding a +0 short sword and wearing a +0 ring mail (heavily wounded, berserk, 73% to hit)
You shoot an arrow.
The arrow hits Duvessa but does no damage.
Duvessa is heavily wounded.
Duvessa hits you but does no damage. Duvessa hits you with a +0 short sword.
Duvessa hits you but does no damage.
Fire: a) +0 shortbow
Press: ? - help, Q - select action, (/) - cycle Shift-Dir - straight line, f/p - Duvessa
Aim: Duvessa, wielding a +0 short sword and wearing a +0 ring mail (heavily wounded, berserk, 73% to hit)
You shoot an arrow. The arrow closely misses Duvessa.
Duvessa hits you with a +0 short sword!
* * * LOW HITPOINT WARNING * * *
Duvessa closely misses you.
Fire: a) +0 shortbow
Press: ? - help, Q - select action, (/) - cycle Shift-Dir - straight line, f/p - Duvessa
Aim: Duvessa, wielding a +0 short sword and wearing a +0 ring mail (heavily wounded, berserk, 73% to hit)
You shoot an arrow.
The arrow hits Duvessa but does no damage.
Duvessa is heavily wounded.
Duvessa hits you with a +0 short sword.
* * * LOW HITPOINT WARNING * * *
Duvessa hits you with a +0 short sword.
* * * LOW HITPOINT WARNING * * *
Duvessa closely misses you.
Fire: a) +0 shortbow
Press: ? - help, Q - select action, (/) - cycle Shift-Dir - straight line, f/p - Duvessa
Aim: Duvessa, wielding a +0 short sword and wearing a +0 ring mail (heavily wounded, berserk, 73% to hit)
You shoot an arrow. The arrow hits Duvessa!
Duvessa is severely wounded.
Duvessa hits you with a +0 short sword.
* * * LOW HITPOINT WARNING * * *
Duvessa hits you with a +0 short sword.
* * * LOW HITPOINT WARNING * * *
Duvessa hits you with a +0 short sword!
You die...

#...# #........######.. #...#
#.........## ### #####
#####..##..# ###.....##.# #
#...###....###### ##.###
####....... ######## ###>.#
###.....
#...>..###...###########..###
#..........e@..........#.####
#.....[###.###########MS.....
####.......# ###.....######
###.....#####...##### #
#[........##.###
#.......#..).## ###
#.............#########..
##.....#..)....[........#
##...................####


You could see Duvessa (berserk).

Vanquished Creatures
  A steam dragon (D:6)
  Menkaure (D:6)
  3 water moccasins
  A sky beast (D:6)
  An ice beast (D:5)
  A black bear (Temple)
  A centaur (D:6)
  An ogre (D:6)
  2 lemures (D:6)
  Blork the orc (D:6)
  A necrophage (D:4)
  5 scorpions
  Dowan (D:7)
  3 hounds
  An orc priest (D:5)
  3 jellies
  5 iguanas
  4 gnolls
  10 adders
  4 worms
  5 orcs
  10 ball pythons
  9 endoplasms
  A giant cockroach (D:1)
  8 goblins
  9 hobgoblins
  8 jackals
  4 quokkas
  7 bats
  3 frilled lizards
  7 kobolds
  5 rats
126 creatures vanquished.

Notes
Turn   | Place    | Note
-------+----------+-------------------------------------------
     0 | D:1      | Thatpatchoflichen the Demigod Hunter began the quest for
                  | the Orb.
     0 | D:1      | Reached XP level 1. HP: 17/17 MP: 3/3
    91 | D:1      | Reached skill level 1 in Stealth
   329 | D:1      | Reached XP level 2. HP: 11/24 MP: 4/4
  1064 | D:2      | Reached XP level 3. HP: 26/30 MP: 5/5
  1069 | D:2      | Reached skill level 4 in Ranged Weapons
  1258 | D:2      | Found Ikueboug's Antique Armour Shop.
  1436 | D:2      | You fall into a shaft and drop 2 floors!
  1498 | D:4      | Reached XP level 4. HP: 29/37 MP: 6/6
  1600 | D:4      | Noticed a necrophage
  1601 | D:4      | Reached skill level 1 in Armour
  1659 | D:4      | Found Puogafy's Distillery.
  1667 | D:4      | Bought a potion of heal wounds for 55 gold pieces
  1667 | D:4      | Bought a potion of curing for 33 gold pieces
  1817 | D:4      | Reached XP level 5. HP: 15/45 MP: 7/7
  2090 | D:3      | Found a large runed translucent door.
  2090 | D:3      | Found a large runed translucent door.
  3219 | D:3      | Identified the +9 dagger of Abomination {vorpal, rElec
                  | Dex+6 SInv}
  3260 | D:3      | Reached XP level 6. HP: 37/51 MP: 8/8
  4071 | D:5      | Entered Level 5 of the Dungeon
  4240 | D:5      | Found a staircase to the Ecumenical Temple.
  4250 | Temple   | Entered the Ecumenical Temple
  4344 | D:5      | Reached skill level 5 in Ranged Weapons
  4358 | D:6      | Noticed Blork the orc
  4372 | D:6      | Killed Blork the orc
  4416 | D:5      | Reached XP level 7. HP: 59/59 MP: 9/9
  4732 | D:5      | Found Bareq's General Store.
  5264 | D:6      | Reached XP level 8. HP: 67/67 MP: 10/10
  5290 | D:6      | Noticed Menkaure
  5412 | D:6      | Killed Menkaure
  5413 | D:6      | Reached skill level 5 in Fighting
  5413 | D:6      | Reached skill level 6 in Ranged Weapons
  5413 | D:6      | Reached skill level 5 in Dodging
  5644 | D:6      | Reached skill level 5 in Armour
  5656 | D:7      | Noticed Pikel
  6076 | D:7      | Noticed Duvessa
  6076 | D:7      | Noticed Dowan
  6275 | D:7      | Killed Dowan
  6276 | D:7      | Reached skill level 7 in Ranged Weapons
  6318 | D:6      | Slain by Duvessa

Illustrated notes

Levels and vault maps discovered:
D:1:      minmay_arrival_diagonal_passages, layout_loops_ring,
          hellmonk_ecumenical_altar_run_dry, minmay_surrounded
D:2:      minmay_inner_zag, layout_loops_ring, serial_shops, shop_fountains,
          basic_altar
D:3:      layout_loops_ring, jmf_multi_god_temple2, minmay_misc_feat_iff
D:4:      layout_loops_ring, serial_shops, shop_fountains
D:5:      layout_basic, cheibrodos_ashenzari_chains, overflow_temple_1_default,
          minmay_temple_entry_slanted, serial_shops, shop, minivault_14
D:6:      layout_rooms, zin_academy, uniq_blork_the_orc, uniq_menkaure
D:7:      layout_rooms, serial_shops, kennysheep_little_box, shop,
          ebering_ghost_disaster_area, corexii_checkpoint_a, uniq_pikel,
          uniq_duvessa
Temple:   zaba_magenta_temple

Skill      XL: |  1  2  3  4  5  6  7  8 |
---------------+-------------------------+-----
Stealth        | 1 |  1.0
Fighting       | 2 3 4 5 |  5.9
Dodging        | 2 3 4 5 |  5.0
Ranged Weapons | 4 5 7 |  7.0
Armour         | 1 2 3 5 |  5.0

Action                   |  1- 3 |  4- 6 |  7- 9 || total
-------------------------+-------+-------+-------++-------
 Fire: Shortbow          |   115 |   167 |   262 ||   544
  Use: Scroll            |       |     3 |     2 ||     5
       Potion            |       |       |     4 ||     4
Armor: Leather armour    |    24 |       |       ||    24
       Ring mail         |    11 |       |       ||    11
       Scale mail        |     2 |    30 |    22 ||    54
       Chain mail        |       |       |    38 ||    38
       Plate armour      |       |       |    30 ||    30
Dodge: Dodged            |    90 |   106 |   268 ||   464
